 Dungeon Crawl Stone Soup version 0.18-a0-1347-gb9e2fb4 (console) character file.

66 utis the Slasher (level 4, -2/35 HPs)
             Began as a Formicid Warper on Feb 17, 2016.
             Slain by a gnoll (5 damage)
             ... on level 1 of the Dungeon.
             The game lasted 00:09:52 (3884 turns).

utis the Slasher (Formicid Warper)                  Turns: 3884, Time: 00:09:52

Health: -2/35      AC:  3    Str: 16    XL:     4   Next: 37%
Magic:  0/7        EV: 11    Int: 18    God:
Gold:   84         SH:  0    Dex: 10    Spells: 3 memorised, 1 level left

rFire  . . .     SeeInvis +     a - +0 falchion
rCold  . . .     Gourm    .     q - +0 leather armour
rNeg   . . .     Faith    .     (no shield)
rPois  .         Spirit   .     (helmet unavailable)
rElec  .         Dismiss  .     (no cloak)
rCorr  .         Reflect  .     (no gloves)
SustAt .         Harm     .     (no boots)
MR     .....                    (no amulet)
Stlth  +.........               (no ring)
                                (no ring)

@: brilliant, very slightly contaminated, not resistant to hostile enchantments,
very unstealthy
A: permanent stasis, dig shafts and tunnels, four strong arms, antennae 3
a: Dig, Shaft Self


You were on level 1 of the Dungeon.
You were hungry.

You visited 1 branch of the dungeon, and saw 2 of its levels.

You collected 84 gold pieces.

Inventory:

Hand Weapons
 a - a +0 falchion (weapon)
 b - a +0 hunting sling
Missiles
 e - 5 tomahawks of dispersal {=f}
 h - 99 stones (quivered)
Armour
 k - a +0 ring mail
 q - a +0 leather armour (worn)
Scrolls
 g - 4 scrolls of teleportation {@r4}
 i - a scroll of immolation {unknown}
 j - a scroll of recharging {unknown}
 p - 3 scrolls of identify {unknown}
Potions
 d - a potion of resistance {unknown}
 l - a potion of heal wounds {unknown}
 n - a potion of lignification {unknown}
 o - a potion of brilliance
Books
 c - a book of Spatial Translocations

   Spells                             Type                      Level
   a - Apportation                    Translocation                1
   b - Blink                          Translocation                2
   c - Shroud of Golubria             Charms/Translocation         2
   d - Portal Projectile              Translocation                3
   e - Teleport Other                 Translocation                3
   f - Passage of Golubria            Translocation                4
Comestibles
 f - 2 bread rations {@e1}
 m - 2 meat rations {@e1}
 r - a chunk of flesh


   Skills:
 + Level 3.2 Fighting
 * Level 3.7 Long Blades
 - Level 1.0 Throwing
 - Level 1.1 Armour
 - Level 1.7 Dodging
 - Level 2.1 Spellcasting
 - Level 2.6 Translocations


You had one spell level left.
You knew the following spells:

 Your Spells              Type           Power        Failure   Level  Hunger
a - Apportation           Tloc           ###.......   1%          1    #......
g - Shroud of Golubria    Chrm/Tloc      ###.......   2%          2    ###....
o - Teleport Other        Tloc           ###.....     3%          3    ###....


Dungeon Overview and Level Annotations

Branches:
Dungeon (2/15)

Altars:
Trog


Innate Abilities, Weirdness & Mutations

You are under a permanent stasis effect.
You can dig through walls and to a lower floor.
Your four strong arms can wield two-handed weapons with a shield.
You have a pair of large antennae on your head (SInv).


Message History

Casting: Shroud of Golubria
Confirm with . or Enter, or press ? or * to list all spells.
You miscast Shroud of Golubria.
You are very lightly contaminated with residual magic.
Your skin tingles.
* * * LOW MAGIC WARNING * * *
The gnoll closely misses you.
You hit the gnoll but do no damage.
The gnoll is severely wounded.
The gnoll barely misses you.
You hit the gnoll but do no damage.
The gnoll is severely wounded.
The gnoll hits you!
* * * LOW HITPOINT WARNING * * *
The gnoll barely misses you.
Drink which item? (? for menu, Esc to quit)
It was a potion of brilliance.
You feel clever all of a sudden. The gnoll hits you.
You die...

.░░...........░.░░ ░.░.░░.......
.░░░░.░...░.░░░.░ ░...░░......░
.░ ░.░...░.░ ░.░ ░.░.░░░░░...░ .░
░.░...░.░ ░.░░░░░.░.░░░░..... .░
░.░...░.░ ░..)........░...... .░
░.░░.░░.░ ░░░░.░░.░░░........ .░
░░.......░░ ░░>..░.░ ░........
░░░░.░░░.....░░░......░░░........
░░░.░........░░.a)........░......
.............░░░.g...░░░░░░░.....
░░░.░.░░░....).)....░░ ░.....
░░..░░.░...░.░░..░░ ░░░░░░ ░
░░...░░.....░░.░░ ░
░...░░░..░░░░.░ ░░░ ░..░░░░..░
░.░ ..░ ░........░░░░.░░░░░ ░.░
░░░░.░░░..░░......░


You could see a gnoll.

Vanquished Creatures
  A gnoll (D:1)
  A worm (D:2)
  3 giant geckos
  2 giant cockroaches (D:1)
  11 goblins
  2 hobgoblins (D:2)
  5 bats
  2 giant newts (D:2)
  16 kobolds
  8 rats
51 creatures vanquished.

Vanquished Creatures (others)
  A plant (D:1)
1 creature vanquished.

Grand Total: 52 creatures vanquished

Notes
Turn   | Place    | Note
--------------------------------------------------------------
     0 | D:1      | utis the Formicid Warper began the quest for the Orb.
     0 | D:1      | Reached XP level 1. HP: 16/16 MP: 3/3
   378 | D:1      | Reached XP level 2. HP: 23/23 MP: 5/5
   385 | D:1      | Learned a level 2 spell: Shroud of Golubria
  1081 | D:1      | Reached XP level 3. HP: 28/28 MP: 3/6
  1279 | D:1      | Reached skill level 3 in Long Blades
  1916 | D:2      | Found a faded altar to an unknown god.
  2024 | D:2      | Found a bloodstained altar of Trog.
  2812 | D:2      | Learned a level 3 spell: Teleport Other
  3068 | D:2      | Reached XP level 4. HP: 28/35 MP: 2/7
  3884 | D:1      | Slain by a gnoll

Vault maps used:
D:1:      wheals_arrival_shading, lexackson_kobold_supper
D:2:      minmay_kobold_bridge, ecumenical_altar_2, first_bread, bloody_trog

Action                   |  1- 3 |  4- 6 || total
-------------------------+-------+-------++-------
Melee: Falchion          |   229 |    22 ||   251
 Fire: Hunting sling     |       |    11 ||    11
Throw: Stone             |     3 |       ||     3
 Cast: Shroud of Golubri |    27 |     6 ||    33
  Use: Scroll            |     2 |       ||     2
       Potion            |       |     1 ||     1
  Eat: Chunk             |     5 |     3 ||     8
       Bread ration      |     1 |       ||     1
